 Dungeon Crawl Stone Soup version 0.26-a0-597-gb535b0901c (webtiles) character file.

Game seed: 12823593766445432487

4 vurker the Grave Robber (level 1, 0/10 HPs)
             Began as a Tengu Necromancer on Sept 12, 2020.
             Slain by a jackal (2 damage)
             ... on level 1 of the Dungeon.
             The game lasted 00:00:15 (119 turns).

vurker the Grave Robber (Tengu Necromancer)          Turns: 119, Time: 00:00:16

Health: 0/10       AC:  2    Str:  8    XL:     1   Next: 60%
Magic:  0/4        EV: 12    Int: 15    God:
Gold:   0          SH:  0    Dex: 14    Spells: 3/4 levels left

rFire    . . .     SeeInvis .   (no weapon)
rCold    . . .     Faith    .   (no shield)
rNeg     . . .     Spirit   .   a - +0 robe
rPois    .         Reflect  .   (helmet restricted)
rElec    .         Harm     .   (no cloak)
rCorr    .                      (no gloves)
MR       .....                  (boots unavailable)
Stlth    ++........             (no amulet)
HPRegen  0.03/turn              (no ring)
MPRegen  0.09/turn              (no ring)

@: no status effects
A: beak, talons 3
a: no special abilities


You were on level 1 of the Dungeon.
You visited 1 branch of the dungeon, and saw 1 of its levels.

Inventory:

Armour
 a - a +0 robe (worn)
Scrolls
 b - a scroll of immolation {unknown}
 c - a scroll of magic mapping {unknown}
 d - 4 scrolls of remove curse {unknown}
 e - a scroll of identify {unknown}
Potions
 f - a potion of haste {unknown}


   Skills:
 + Level 0.2 Fighting
 - Level 2.1 Dodging
 - Level 2.0 Stealth
 * Level 2.1 Spellcasting
 * Level 4.5 Necromancy


You had 3 spell levels left.
You knew the following spells:

 Your Spells              Type           Power        Failure   Level
a - Pain                  Necr           ###.         3%          1

Your spell library contained the following spells:

 Spells                   Type           Power        Failure   Level
 Animate Skeleton         Necr           ###...       3%          1
 Vampiric Draining        Necr           ###.......   11%         3
 Animate Dead             Necr           ###.......   34%         4
 Agony                    Necr           ###.....     67%         5


Dungeon Overview and Level Annotations

Branches:
Dungeon (1/15)

Altars:


Innate Abilities, Weirdness & Mutations

You have a beak for a mouth.
You have claws for feet.


Message History

Welcome, vurker the Tengu Necromancer.
It is said that the Orb of Zot exists deep within this dungeon.
Found 3 scrolls labeled FYUCSO NIAW and a scroll labeled NAUWOC KANTU.
Found a staircase leading out of the dungeon.
b - a scroll labeled NAUWOC KANTU;
c - a scroll labeled NUTZAO XOES
d - 3 scrolls labeled FYUCSO NIAW You open the door.
Found a scroll labeled NITWOM ZEZXE.
Found a stone staircase leading down.
Found a bubbling pink potion and a scroll labeled FYUCSO NIAW.
There is an open door here.
e - a scroll labeled NITWOM ZEZXE
f - a bubbling pink potion
d - 4 scrolls labeled FYUCSO NIAW (gained 1)
You open the door.
A dart slug comes into view.
A dart slug is nearby!
There is an open door here.
Aim: a dart slug (chance to defeat MR: 85%)
The dart slug writhes in agony.
Aim: a dart slug (heavily wounded, chance to defeat MR: 85%)
The dart slug writhes in agony.
You kill the dart slug!
You open the door.
Found a stone staircase leading down. 2 jackals come into view.
Found a sedimented puce potion and 12 gold pieces.
There is an open door here.
There are monsters nearby!
Aim: a jackal (asleep, chance to defeat MR: 85%)
The jackal barks!
The jackal writhes in agony.
The jackal barks!
Aim: a jackal (heavily wounded, chance to defeat MR: 85%)
The jackal barely resists.
Aim: a jackal (moderately wounded, chance to defeat MR: 85%)
The jackal barely resists.
Aim: a jackal (moderately wounded, chance to defeat MR: 85%)
The jackal writhes in agony.
You kill the jackal!
You hit the jackal but do no damage. You peck the jackal, but do no damage.
The jackal bites you.
* * * LOW HITPOINT WARNING * * *
The jackal bites you.
* * * LOW HITPOINT WARNING * * *
The jackal closely misses you.
Aim: a jackal (chance to defeat MR: 85%)
The jackal writhes in agony.
The jackal misses you. The jackal bites you.
You die...

###### #....#
##############..@.#
.............'..h.#
..####+####.##....#
.##.......#.##....#
..#.8.8.8.#.##....#
..#.......#.##....#
..'.8.<.8.+.####'##
..#.......#.........!...
..#.8.8.8.######..#..###


You could see a jackal.

Vanquished Creatures
  A dart slug (D:1)
  A jackal (D:1)
2 creatures vanquished.

Notes
Turn   | Place    | Note
-------+----------+-------------------------------------------
     0 | D:1      | vurker the Tengu Necromancer began the quest for the Orb.
     0 | D:1      | Reached XP level 1. HP: 10/10 MP: 4/4
   119 | D:1      | Slain by a jackal

Illustrated notes

Levels and vault maps discovered:
D:1:      doesnt_arrival_eight_statues, layout_basic, st_stairs_11

Action                   || total
-------------------------++-------
Melee: Unarmed           ||     1
       Peck              ||     1
 Cast: Pain              ||     7
Dodge: Dodged            ||     2

Table legend: (Time is in decaauts)
 A = Elapsed time spent in this place.
 B = Non-inter-level travel time spent in this place.
 C = Inter-level travel time spent in this place.
 D = Time resting spent in this place.
 E = Time spent auto-exploring this place.
 F = Levels seen in this place.
 G = Mean time per level.
                   A        B        C        D        E       F      G
               +--------+--------+--------+--------+--------+-----+--------+
         Total |    119 |    119 |      0 |      0 |     98 |   1 |  119.0 |
       Dungeon |    119 |    119 |      0 |      0 |     98 |   1 |  119.0 |
               +--------+--------+--------+--------+--------+-----+--------+

Top non-repeatable levels by time:
     D:1: 119 daAuts
